 Dungeon Crawl Stone Soup version 0.30-a0-618-gd6c86c23d0 (webtiles) character file.

Game seed: 16733613096714017666

170 themarg the Trooper (level 5, 0/51 HPs)
             Began as a Hill Orc Fighter on Jan 9, 2023.
             Was a Follower of Wu Jian.
             Slain by an orc priest
             ... wielding a +0 mace
              (2 damage)
             ... on level 4 of the Dungeon.
             The game lasted 00:05:38 (2482 turns).

themarg the Trooper (Hill Orc Fighter)              Turns: 2482, Time: 00:05:39

Health: 0/51       AC: 10    Str: 27    XL:     5   Next: 50%
Magic:  5/5        EV:  9    Int:  8    God:    Wu Jian [*.....]
Gold:   136        SH:  4    Dex: 10    Spells: 4/4 levels left

rFire   . . .      SeeInvis .    a - +0 rapier
rCold   . . .      Faith    .    c - +0 buckler
rNeg    . . .      Spirit   .    b - +0 scale mail
rPois   .          Reflect  .    (no helmet)
rElec   .          Harm     .    (no cloak)
rCorr   .          Rampage  .    (no gloves)
Will    .....                    (no boots) Stlth
                                 (no amulet)
HPRegen 0.28/turn                o - +6 ring of strength
MPRegen 0.09/turn                s - +4 ring of protection

@: no status effects
A: no striking features
a: Renounce Religion, Convert to Beogh


You were on level 4 of the Dungeon.
You worshipped Wu Jian.
Wu Jian was aware of your devotion.
You visited 1 branch of the dungeon, and saw 4 of its levels.

You collected 136 gold pieces.

Inventory:

Hand Weapons
 a - a +0 rapier (weapon)
Missiles
 j - 37 stones (quivered)
Armour
 b - a +0 scale mail (worn)
 c - a +0 buckler (worn)
Jewellery
 o - a +6 ring of strength (left hand)
 s - a +4 ring of protection (right hand)
Wands
 t - a wand of paralysis (11)
Scrolls
 f - 6 scrolls of fog {unknown}
 h - 9 scrolls of identify {unknown}
 i - a scroll of silence {unknown}
 k - 2 scrolls of vulnerability {unknown}
 l - a scroll of enchant armour {unknown}
 n - a scroll of enchant weapon {unknown}
 p - a scroll of brand weapon {unknown}
 q - a scroll of immolation {unknown}
 r - a scroll of teleportation {unknown}
Potions
 d - a potion of might
 e - a potion of attraction
 g - a potion of curing
 m - a potion of flight {unknown}


   Skills:
 + Level 6.4 Fighting
 - Level 2.4 Short Blades
 - Level 3.6 Armour
 + Level 3.8 Shields


You had 4 spell levels left.
You didn't know any spells.
Your spell library contained the following spells:

 Spells                   Type           Power      Damage    Failure   Level
 Vhi's Electric Charge    Tloc/Air       0%         N/A       98%         3
 Arcjolt                  Conj/Air       0%         1d10      100%        5
 Maxwell's Capacitive Co  Air            0%         ∞         100%        8


Dungeon Overview and Level Annotations

Branches:
Dungeon (4/15)
 Temple: D:4-7

Altars:
Wu Jian


Message History

The orc wizard is moderately wounded.
You block the orc priest's attack.
The orc wizard hits you but does no damage.
You hit the orc wizard but do no damage.
The orc wizard is moderately wounded.
The orc priest shouts, "Beogh is our master!
Accept the truth or die!"
The orc priest hits you but does no damage.
The orc wizard casts a spell.
The orc wizard flickers and vanishes!
Deactivating autopickup; reactivate with Ctrl-A.
You miss something.
The orc priest hits you but does no damage.
You hear some strange, mumbled words.
Something tries to affect you, but you resist.
You closely miss something.
The orc priest hits you but does no damage.
Something hits you but does no damage.
You hit something. You block the orc priest's attack.
You hear some strange, mumbled words.
A puff of flame appears from out of thin air!
The puff of flame hits you.
* * * LOW HITPOINT WARNING * * *
You hit something.
The orc priest looks satisfied for a moment.
You block something's attack.
You closely miss something.
The orc priest shouts, "Beogh is our master!
Accept the truth or die!"
The orc priest mumbles some strange prayers to Beogh against you.
Beogh smites you!
* * * LOW HITPOINT WARNING * * *
Something hits you but does no damage. x2; The orc priest barely misses you.
You hit something. The Council accepts your kill.
You can now lightly attack monsters by moving around them.
Reactivating autopickup.
You feel a bit more experienced. You block the orc priest's attack.
You spin and attack the orc priest.
You hit the orc priest but do no damage.
The orc priest hits you with a +0 mace.
You die...

.......# #......#........
...############......#..{.....
..............#†.....#...o....
.#.##########.#......#........
.#.# ........#......#........
#### ......[.......##........
..............##........
..............##........
.........o@.............
........#.###...........
........#...)...........
..############........).
#.......... #..........
#.......... #..........
#..........


You could see an orc priest.

Vanquished Creatures
  A scorpion (D:4)
  An orc wizard (D:4)
  2 adders
  2 worms (D:3)
  3 dart slugs
  3 orcs
  An endoplasm (D:1)
  3 giant cockroaches
  8 goblins
  8 hobgoblins
  2 jackals (D:1)
  5 kobolds
  2 quokkas (D:1)
  5 ball pythons
  3 frilled lizards
  5 rats
54 creatures vanquished.

Notes
Turn   | Place    | Note
-------+----------+-------------------------------------------
     0 | D:1      | themarg the Hill Orc Fighter began the quest for the Orb.
     0 | D:1      | Reached XP level 1. HP: 19/19 MP: 1/1
    54 | D:1      | Reached XP level 2. HP: 22/27 MP: 2/2
   358 | D:1      | Reached skill level 4 in Fighting
   475 | D:1      | Reached XP level 3. HP: 29/33 MP: 3/3
  1439 | D:3      | Found an ornate altar of the Wu Jian Council.
  1451 | D:3      | Became a worshipper of the Wu Jian Council
  1553 | D:3      | Reached XP level 4. HP: 29/41 MP: 4/4
  1808 | D:3      | Reached skill level 5 in Fighting
  1938 | D:4      | Noticed an ogre
  2053 | D:4      | Noticed a scorpion
  2073 | D:4      | Killed a scorpion
  2074 | D:4      | Reached skill level 6 in Fighting
  2074 | D:4      | Reached XP level 5. HP: 12/50 MP: 5/5
  2480 | D:4      | HP: 1/50 [orc priest/divine providence (8)]
  2481 | D:4      | Reached * piety under Wu Jian
  2482 | D:4      | Slain by an orc priest

Illustrated notes

Levels and vault maps discovered:
D:1:      dpeg_arrival_windows_large_door, layout_rooms, minmay_cut_off
D:2:      layout_basic
D:3:      layout_basic, mainiacjoe_overflow_cross_hatched,
          nicolae_wu_jian_glorious_leap
D:4:      layout_basic, zin_academy, old_standard_altar, uniq_robin

Skill      XL: |  1  2  3  4 |
---------------+-------------+-----
Fighting       | 4 6 |  6.4
Short Blades   | |  2.4
Armour         | |  3.6
Shields        | |  3.8

Action                   |  1- 3 |  4- 6 || total
-------------------------+-------+-------++-------
Melee: Rapier            |   129 |   118 ||   247
Invok: Lunge             |     2 |     2 ||     4
       Whirlwind         |       |     1 ||     1
Evoke: Wand              |       |     1 ||     1
  Use: Potion            |       |     2 ||     2
Armor: Scale mail        |    37 |    68 ||   105
Dodge: Dodged            |    55 |    30 ||    85
Block: Buckler           |    31 |    14 ||    45

Table legend: (Time is in decaauts)
 A = Elapsed time spent in this place.
 B = Non-inter-level travel time spent in this place.
 C = Inter-level travel time spent in this place.
 D = Time resting spent in this place.
 E = Time spent auto-exploring this place.
 F = Levels seen in this place.
 G = Mean time per level.
                   A        B        C        D        E       F      G
               +--------+--------+--------+--------+--------+-----+--------+
         Total |   2509 |   2430 |     79 |      0 |   1927 |   4 |  627.2 |
       Dungeon |   2509 |   2430 |     79 |      0 |   1927 |   4 |  627.2 |
               +--------+--------+--------+--------+--------+-----+--------+

Top non-repeatable levels by time:
     D:3: 667 daAuts
     D:2: 647 daAuts
     D:4: 601 daAuts
     D:1: 593 daAuts
